 Dungeon Crawl Stone Soup version 0.30-a0-632-g346586fe48 (webtiles) character file.

Game seed: 8641258898683438245

359 KennySheep the Shooter (level 6, 0/75 HPs)
             Began as a Demigod Warper on Jan 13, 2023.
             Slain by Sigmund
             ... wielding a +0 scythe
              (6 damage)
             ... on level 3 of the Dungeon.
             The game lasted 00:07:57 (2340 turns).

KennySheep the Shooter (Demigod Warper)             Turns: 2340, Time: 00:07:58

Health: 0/75       AC:  3    Str: 10 (12) XL:     6   Next: 14%
Magic:  11/11      EV: 12    Int: 15      God:
Gold:   72         SH:  0    Dex: 19 (21) Spells: 6/8 levels left

rFire   . . .      SeeInvis .    b - +0 short sword
rCold   . . .      Faith    .    (no shield)
rNeg    . . .      Spirit   .    f - +0 leather armour
rPois   .          Reflect  .    (no helmet)
rElec   .          Harm     .    (no cloak)
rCorr   .          Rampage  .    (no gloves)
Will    .....                    (no boots) Stlth
                                 (no amulet)
HPRegen 0.32/turn                (no ring)
MPRegen 0.12/turn                (no ring)

@: confused, mighty, berserking (expiring), attractive, very quick
A: high MP 1, forlorn, divine attributes
a: no special abilities


You were on level 3 of the Dungeon.
You visited 1 branch of the dungeon, and saw 3 of its levels.

You collected 72 gold pieces.

Inventory:

Hand Weapons
 a - a +0 sling
 b - a +0 short sword (weapon)
Missiles
 d - 7 boomerangs of dispersal (quivered)
 e - 4 boomerangs
 j - 11 poisoned darts
Armour
 f - a +0 leather armour (worn)
Jewellery
 k - a ring of magical power
Scrolls
 c - 2 scrolls of blinking
 g - 2 scrolls of fog
 h - a scroll of silence
 m - a scroll of brand weapon {unknown}
 p - a scroll of teleportation {unknown}
 r - a scroll of identify {unknown}
Potions
 q - 2 potions of invisibility {unknown}


   Skills:
 - Level 2.4 Fighting
 - Level 1.9 Short Blades
 * Level 4.4 Ranged Weapons
 - Level 0.8 Throwing
 - Level 0.8 Armour
 - Level 1.7 Dodging
 - Level 1.4 Stealth
 - Level 1.7 Spellcasting
 + Level 3.8 Translocations


You had 6 spell levels left.
You knew the following spells:

 Your Spells              Type           Power      Damage    Failure   Level
a - Blink                 Tloc           24%        N/A       10%         2

Your spell library contained the following spells:

 Spells                   Type           Power      Damage    Failure   Level
 Apportation              Tloc           24%        N/A       6%          1
 Lesser Beckoning         Tloc           24%        N/A       19%         3
 Teleport Other           Tloc           12%        N/A       19%         3
 Vhi's Electric Charge    Tloc/Air       14%        N/A       38%         3
 Manifold Assault         Tloc           12%        N/A       54%         4
 Alistair's Intoxication  Tmut/Pois      0%         N/A       100%        5


Dungeon Overview and Level Annotations

Branches:
Dungeon (3/15)

Annotations:
D:3 1 runed translucent door, Sigmund; Terence; bande's ghost, amateur GrFi


Innate Abilities, Weirdness & Mutations

You have an increased reservoir of magic. (+10% MP)
You shall have no god before yourself.
Your divine heritage dramatically boosts your attributes as you level up.


Message History

Sigmund misses you. Sigmund is attracted toward you.
It was a potion of might.
You feel very mighty all of a sudden. Sigmund hits you with a +0 scythe.
* * * LOW HITPOINT WARNING * * *
Grinder is attracted toward you.
It was a potion of degeneration.
There was something very wrong with that liquid.
You feel weakened.
You feel dopey.
You feel clumsy.
It was a potion of berserk rage.
A red film seems to cover your vision as you go berserk!
You feel yourself moving faster!
You feel mighty!
Sigmund points at you and mumbles some strange words.
You resist with some effort. Grinder hits you!
* * * LOW HITPOINT WARNING * * *
b - a +0 short sword (weapon)
You feel a strong urge to attack something.
You hit Grinder.
Grinder is almost dead.
Sigmund casts a spell at you. You resist with some effort.
Grinder closely misses you.
You hit Grinder.
You kill Grinder!
Sigmund points at you and mumbles some strange words.
You are confused.
You feel your strength returning.
You feel your intelligence returning.
You feel your dexterity returning.
Your Ranged Weapons skill increases to level 4!
You have reached level 6!
Your experience leads to a dramatic increase in your attributes!
Your base attributes are Str 12, Int 15, Dex 17.
Increase (S)trength, (I)ntelligence, or (D)exterity?
You feel agile. x4
You're too confused to move!
You barely miss Sigmund.
Sigmund is heavily wounded.
Sigmund points at you and mumbles some strange words.
You resist with some effort. Sigmund hits you with a +0 scythe.
You die...

#####
##########.....
#.@..##........
##..@.##........
#.....++..@.....
#.$...##........
#...........#
####........#
#........#
#.......####
...###.#.....


You could see Sigmund.

Vanquished Creatures
  Grinder (D:3)
  A necrophage (D:3)
  Jessica (D:3)
  2 adders (D:2)
  A worm (D:2)
  2 dart slugs (D:1)
  3 orcs
  5 endoplasms
  2 giant cockroaches
  4 goblins
  5 hobgoblins
  9 kobolds
  2 quokkas (D:2)
  5 ball pythons
  6 bats
  2 frilled lizards
  4 rats
55 creatures vanquished.

Vanquished Creatures (others)
  A fungus (D:2)
  6 plants (D:2)
  2 withered plants (D:3)
9 creatures vanquished.

Grand Total: 64 creatures vanquished

Notes
Turn   | Place    | Note
-------+----------+-------------------------------------------
     0 | D:1      | KennySheep the Demigod Warper began the quest for the Orb.
     0 | D:1      | Reached XP level 1. HP: 17/17 MP: 5/5
   259 | D:1      | Reached XP level 2. HP: 24/24 MP: 7/7
   396 | D:1      | Reached skill level 1 in Ranged Weapons
   403 | D:1      | Reached skill level 1 in Stealth
   747 | D:2      | Reached XP level 3. HP: 27/29 MP: 8/8
  1180 | D:2      | Reached skill level 2 in Ranged Weapons
  1412 | D:2      | Learned a level 2 spell: Blink
  1854 | D:3      | Noticed Terence
  1875 | D:3      | Found a runed translucent door.
  1875 | D:3      | Noticed bande's ghost (amateur GrFi)
  2002 | D:3      | Reached XP level 4. HP: 37/37 MP: 9/9
  2121 | D:3      | Noticed Jessica
  2129 | D:3      | Killed Jessica
  2151 | D:3      | Noticed a necrophage
  2171 | D:3      | Killed a necrophage
  2172 | D:3      | Reached skill level 3 in Ranged Weapons
  2172 | D:3      | Reached XP level 5. HP: 29/42 MP: 10/10
  2224 | D:3      | Noticed Grinder
  2233 | D:3      | Paralysed by Grinder for 4 turns
  2242 | D:3      | Paralysed by Grinder for 3 turns
  2251 | D:3      | Paralysed by Grinder for 4 turns
  2256 | D:3      | Noticed Sigmund
  2317 | D:3      | Paralysed by Grinder for 2 turns
  2329 | D:3      | Paralysed by Grinder for 2 turns
  2337 | D:3      | Killed Grinder
  2338 | D:3      | Reached skill level 4 in Ranged Weapons
  2338 | D:3      | Reached XP level 6. HP: 5/50 MP: 11/11
  2340 | D:3      | Slain by Sigmund

Illustrated notes

Levels and vault maps discovered:
D:1:      wander_arrival_peaceful_grave, layout_basic, minmay_tree_intersection
D:2:      layout_loops_corners, shapermc_ecumenical_altar_ellora,
          nicolae_underground_beach
D:3:      layout_basic, nicolae_dithmenos_shadow_blocks,
          mainiacjoe_overflow_chevrons, gammafunk_ghost_grave,
          grunt_ministairs_4, uniq_jessica, uniq_sigmund, uniq_terence,
          uniq_grinder

Skill      XL: |  1  2  3  4  5 |
---------------+----------------+-----
Fighting       | 2 |  2.4
Ranged Weapons | 1 2 3 4 |  4.4
Stealth        | 1 |  1.4
Translocations | 3 |  3.8
Short Blades   | |  1.9
Throwing       | |  0.8
Armour         | |  0.8
Dodging        | |  1.7
Spellcasting   | |  1.7

Action                   |  1- 3 |  4- 6 || total
-------------------------+-------+-------++-------
Melee: Short sword       |    41 |     6 ||    47
 Fire: Sling             |   153 |    50 ||   203
 Cast: Blink             |       |     3 ||     3
  Use: Potion            |     1 |     4 ||     5
       Scroll            |     2 |     1 ||     3
 Stab: Sleeping          |     1 |       ||     1
Armor: Leather armour    |    48 |     2 ||    50
Dodge: Dodged            |   111 |    14 ||   125

Table legend: (Time is in decaauts)
 A = Elapsed time spent in this place.
 B = Non-inter-level travel time spent in this place.
 C = Inter-level travel time spent in this place.
 D = Time resting spent in this place.
 E = Time spent auto-exploring this place.
 F = Levels seen in this place.
 G = Mean time per level.
                   A        B        C        D        E       F      G
               +--------+--------+--------+--------+--------+-----+--------+
         Total |   2400 |   2289 |    111 |     96 |   1624 |   3 |  800.0 |
       Dungeon |   2400 |   2289 |    111 |     96 |   1624 |   3 |  800.0 |
               +--------+--------+--------+--------+--------+-----+--------+

Top non-repeatable levels by time:
     D:2: 1169 daAuts
     D:1: 726 daAuts
     D:3: 503 daAuts
